 Dungeon Sprint DCSS version 0.29-a0-330-g52719c12eb (webtiles) character file.

Game seed: 5716107436157172814

7626 mhtbhm the Fencer (level 11, -18/106 HPs)
             Began as a Barachi Berserker on Apr 12, 2022.
             Was the Champion of Trog.
             Demolished by an ettin
             ... wielding a +0 dire flail
              (23 damage)
             ... in the Dungeon (Sprint IX: "|||||||||||||||||||||||||||||").
             The game lasted 00:03:06 (3052 turns).

mhtbhm the Fencer (Barachi Berserker)               Turns: 3052, Time: 00:03:07

Health: -18/106    AC: 15    Str: 22    XL:     11   Next: 18%
Magic:  11/11      EV: 15    Int: 11    God:    Trog [******]
Gold:   11         SH:  0    Dex: 15    Spells: 10/10 levels left

rFire   . . .      SeeInvis .   a - +2 scimitar (holy)
rCold   . . .      Faith    .   (no shield)
rNeg    . . .      Spirit   .   b - +1 scale mail
rPois   .          Reflect  .   q - +0 helmet
rElec   .          Harm     .   l - +0 cloak
rCorr   .          Rampage  .   k - +0 pair of gloves
Will    .....      NoTele   +   (no boots)
Stlth   +++.......              (no amulet)
HPRegen 0.27/turn               m - +3 ring of dexterity
MPRegen 0.12/turn               n - +3 ring of intelligence

@: lethally poisoned (-18 -> -63), on berserk cooldown, slowed, very slow
A: amphibious, slowness 1, strong legs 1, +LOS
a: Hop, Renounce Religion, Berserk, Trog's Hand, Brothers in Arms


You were in the Dungeon.
You worshipped Trog.
Trog was exalted by your worship.
You visited 1 branch You collected 11 gold pieces.

Inventory:

Hand Weapons
 a - a +2 scimitar of holy wrath (weapon)
Armour
 b - a +1 scale mail (worn)
 k - a +0 pair of gloves (worn)
 l - a +0 cloak (worn)
 q - a +0 helmet (worn)
Jewellery
 m - a +3 ring of dexterity (left hand)
 n - a +3 ring of intelligence (right hand)
Wands
 j - a wand of acid (10)
Scrolls
 e - a scroll of fear
 h - 2 scrolls of enchant weapon
 o - 3 scrolls of identify
 p - a scroll of fog
Potions
 c - 2 potions of curing
 d - 10 potions of heal wounds
 f - 4 potions of magic
 g - 2 potions of berserk rage
 i - a potion of invisibility


   Skills:
 + Level 16.8 Fighting
 + Level 17.6 Long Blades
 + Level 14.3 Armour
 + Level 9.7 Dodging
 + Level 9.9 Stealth


You had 10 spell levels left.
You didn't know any spells.
Your spell library was empty.

Dungeon Overview and Level Annotations

Branches:
Dungeon (1/1)

Altars:
Cheibriados
Dithmenos
Elyvilon
Fedhas
Gozag
Hepliaklqana
Kikubaaqudgha
Makhleb
Nemelex Xobeh
Okawaru
Qazlal
Ru
Sif Muna
Trog
Uskayaw
Vehumet
Wu Jian
Xom
Yredelemnul
Zin
The Shining One
Beogh
Jiyva
Lugonu


Innate Abilities, Weirdness & Mutations

You are amphibious.
You cover ground slowly.
You can hop short distances.
You have an extended range of vision and can be seen from far away.


Message History

An orc comes into view.
It is wielding a +1 dagger of electrocution.
The orc shouts!
You hear a shout!
The orc priest hits you with a +0 hand axe.
Things that are here:
a +0 dagger; a +1 robe of fire resistance; 50 gold pieces You slice the orc priest!!
You kill the orc priest!
Trog accepts your kill. Trog grants you a weapon!
Something appears at your feet!
You see here a +7 demon blade of flaming.
Unknown command.
You are no longer berserk.
You are exhausted.
You feel yourself slow down.
Things that are here:
a +0 hand axe; 50 gold pieces You slash the ettin!
The ettin is moderately wounded.
The ettin misses you. x2
Unknown command.
You hit the ettin but do no damage.
The ettin is moderately wounded.
The ettin hits you with a +0 dire flail!!
The ettin hits you with a +0 dire flail of venom!
You are poisoned.
Unknown command.
You slash the ettin!
The ettin is moderately wounded.
You feel very sick. The ettin completely misses you.
The ettin hits you with a +0 dire flail of venom!!
* * * LOW HITPOINT WARNING * * *
You are lethally poisoned!
You hit the ettin.
The ettin is heavily wounded.
* * * LOW HITPOINT WARNING * * *
You feel extremely sick.
The ettin hits you with a +0 dire flail!!
You die...

..('....[))....'_________________
▓▓▓▓▓▓▓▓▓▓▓▓▓▓▓▓▓▓▓▓▓▓▓▓▓▓▓▓▓▓▓▓▓
.................................
▓▓▓▓▓▓▓▓▓▓▓▓▓▓▓▓▓▓▓▓▓▓▓▓▓▓▓▓▓▓▓▓▓
......'.....[|)....)'........)†..
▓▓▓▓▓▓▓▓▓▓▓▓▓▓▓▓▓▓▓▓▓▓▓▓▓▓▓▓▓▓▓▓▓
.................................
▓▓▓▓▓▓▓▓▓▓▓▓▓▓▓▓▓▓▓▓▓▓▓▓▓▓▓▓▓▓▓▓▓
............))))@C{oooo..
▓▓▓▓▓▓▓▓▓▓▓▓▓▓▓▓▓▓▓▓▓▓▓▓▓


You could see an ettin and 4 orcs.

Vanquished Creatures
  A boulder beetle (D)
  A catoblepas (D)
  A centaur warrior (D)
  A lindwurm (D)
  A black mamba (D)
  5 cane toads (D)
  A rime drake (D)
  3 komodo dragons (D)
  A kobold demonologist (D)
  A tyrant leech (D)
  A meliai (D)
  A troll (D)
  A blink frog (D)
  2 yaks (D)
  2 basilisks (D)
  An acid dragon (D)
  3 orc warriors (D)
  2 centaurs (D)
  3 bullfrogs (D)
  A necrophage (D)
  An orc priest (D)
  An iguana (D)
  4 orc wizards (D)
  An ufetubus (D)
  6 worms (D)
  3 orcs (D)
  An endoplasm (D)
  A goblin (D)
  A hobgoblin (D)
  A jackal (D)
  A kobold (D)
54 creatures vanquished.

Notes
Turn   | Place    | Note
-------+----------+-------------------------------------------
     0 | D        | mhtbhm the Barachi Berserker began the quest for the Orb.
     0 | D        | Reached XP level 1. HP: 18/18 MP: 1/1
     7 | D        | Reached skill level 4 in Long Blades
    16 | D        | Reached ** piety under Trog
    22 | D        | Reached XP level 2. HP: 10/26 MP: 2/2
   224 | D        | Noticed a necrophage
   229 | D        | Killed a necrophage
   230 | D        | Reached skill level 7 in Long Blades
   230 | D        | Reached XP level 3. HP: 35/35 MP: 3/3
   230 | D        | Reached XP level 4. HP: 41/41 MP: 4/4
   231 | D        | Reached *** piety under Trog
   644 | D        | Found a snail-covered altar of Cheibriados.
   644 | D        | Found a shadowy altar of Dithmenos.
   644 | D        | Found a white marble altar of Elyvilon.
   644 | D        | Found a blossoming altar of Fedhas.
   644 | D        | Found an opulent altar of Gozag.
   644 | D        | Found a hazy altar of Hepliaklqana.
   645 | D        | Found a viscous altar of Jiyva.
   646 | D        | Found an ancient bone altar of Kikubaaqudgha.
   647 | D        | Found a corrupted altar of Lugonu.
   648 | D        | Found a burning altar of Makhleb.
   649 | D        | Found a sparkling altar of Nemelex Xobeh.
   650 | D        | Found an iron altar of Okawaru.
   651 | D        | Found a stormy altar of Qazlal.
   652 | D        | Found a sacrificial altar of Ru.
   653 | D        | Found a shimmering blue altar of Sif Muna.
   654 | D        | Found a bloodstained altar of Trog.
   655 | D        | Found a hide-covered altar of Uskayaw.
   656 | D        | Found a radiant altar of Vehumet.
   657 | D        | Found an ornate altar of the Wu Jian Council.
   658 | D        | Found a shimmering altar of Xom.
   659 | D        | Found a basalt altar of Yredelemnul.
   660 | D        | Found a glowing silver altar of Zin.
   661 | D        | Found a glowing golden altar of the Shining One.
   715 | D        | Noticed a troll
   715 | D        | Noticed an acid dragon
   715 | D        | Noticed a kobold demonologist
   715 | D        | Noticed an orc warrior
   715 | D        | Noticed a centaur
   715 | D        | Noticed a centaur
   718 | D        | Killed a troll
   718 | D        | Reached **** piety under Trog
   719 | D        | Reached skill level 10 in Fighting
   719 | D        | Reached skill level 10 in Long Blades
   719 | D        | Reached skill level 5 in Armour
   719 | D        | Reached skill level 5 in Dodging
   719 | D        | Reached XP level 5. HP: 53/53 MP: 5/5
   719 | D        | Reached XP level 6. HP: 60/60 MP: 6/6
   723 | D        | Killed an acid dragon
   724 | D        | Reached skill level 11 in Long Blades
   724 | D        | Reached skill level 1 in Stealth
   727 | D        | Noticed a sun demon
   731 | D        | Noticed an orange demon
   741 | D        | Noticed a hellwing
   783 | D        | Noticed an ice devil
   787 | D        | Killed a kobold demonologist
   788 | D        | Reached skill level 12 in Long Blades
   788 | D        | Reached XP level 7. HP: 69/69 MP: 7/7
   791 | D        | Reached skill level 13 in Long Blades
   796 | D        | Reached ***** piety under Trog
   797 | D        | Reached XP level 8. HP: 78/78 MP: 8/8
   945 | D        | Noticed a meliai
   945 | D        | Noticed a boulder beetle
   945 | D        | Noticed a catoblepas
   945 | D        | Noticed a centaur warrior
   949 | D        | Killed a meliai
  1045 | D        | Reached skill level 14 in Long Blades
  1062 | D        | Killed a boulder beetle
  1063 | D        | Reached XP level 9. HP: 85/85 MP: 9/9
  1194 | D        | Received a gift from Trog
  1202 | D        | Killed a catoblepas
  1203 | D        | Reached skill level 15 in Long Blades
  1203 | D        | Reached skill level 10 in Armour
  1203 | D        | Reached skill level 5 in Stealth
  1208 | D        | Killed a centaur warrior
  1374 | D        | Noticed a cane toad
  1374 | D        | Noticed a komodo dragon
  1374 | D        | Noticed a komodo dragon
  1374 | D        | Noticed a komodo dragon
  1382 | D        | Killed a cane toad
  1383 | D        | Reached XP level 10. HP: 95/95 MP: 10/10
  1388 | D        | Reached skill level 16 in Long Blades
  1389 | D        | Noticed a cane toad
  1401 | D        | Received a gift from Trog
  1402 | D        | Reached skill level 15 in Fighting
  1415 | D        | Killed a cane toad
  1749 | D        | Noticed a black mamba
  1749 | D        | Noticed a cane toad
  1749 | D        | Noticed a cane toad
  1758 | D        | Killed a black mamba
  1762 | D        | Killed a cane toad
  1763 | D        | Noticed a cane toad
  1767 | D        | Killed a cane toad
  1769 | D        | Identified the +2 long sword of Dismemberment {vorpal,
                  | Stlth+} (Trog gifted it to you in the Dungeon)
  1769 | D        | Received a gift from Trog
  1773 | D        | Reached ****** piety under Trog
  1780 | D        | Reached skill level 17 in Long Blades
  1820 | D        | Killed a cane toad
  1821 | D        | Reached XP level 11. HP: 14/105 MP: 11/11
  1826 | D        | HP: 5/105 [poisoned by a cane toad]
  2220 | D        | Noticed a lindwurm
  2695 | D        | Received a gift from Trog
  2712 | D        | Killed a lindwurm
  3034 | D        | Noticed an ettin
  3047 | D        | Received a gift from Trog
  3052 | D        | HP: 5/106 [poisoned by an ettin]
  3052 | D        | Demolished by an ettin

Illustrated notes

Levels and vault maps discovered:
D:        linesprint [early_d, line_temple, items_1, d_10, items_2, lair_1,
          lair_end, items_3, orc_1, orc_end, items_4, d_15, swamp_1, shoals_1,
          snake_1, spider_1, d_20, vaults_1, items_5, swamp_end, shoals_end,
          snake_end, spider_end, vaults_end, d_27, items_6, zot_1, zot_end,
          crypt_end, forest_end, elf_end, slime_end, tomb_end, abyss_end,
          pan_hell_end]

Skill      XL: |  1  2  3  4  5  6  7  8  9 10 |
---------------+-------------------------------+-----
Fighting       | 4 6 10 11 12 13 14 16 | 16.8
Long Blades    | 4 7 10 12 13 14 15 17 | 17.6
Armour         | 3 5 7 9 11 14 | 14.3
Dodging        | 3 5 6 7 8 9 |  9.7
Stealth        | 1 4 7 9 |  9.9

Action                   |  1- 3 |  4- 6 |  7- 9 | 10-12 || total
-------------------------+-------+-------+-------+-------++-------
Melee: Falchion          |    22 |    22 |       |       ||    44
       Scimitar          |       |    22 |    50 |   196 ||   268
       Punch             |       |       |     1 |     3 ||     4
Invok: Berserk           |     1 |     2 |     4 |     2 ||     9
 Abil: Hop               |       |     1 |       |       ||     1
  Use: Potion            |       |     4 |       |     3 ||     7
       Scroll            |       |     1 |     1 |       ||     2
 Stab: Petrified         |       |       |     7 |       ||     7
       Distracted        |       |       |       |     1 ||     1
       Sleeping          |       |       |       |     1 ||     1
Armor: Animal skin       |     6 |     1 |       |       ||     7
       Scale mail        |       |     7 |    19 |    37 ||    63
Dodge: Dodged            |     7 |    22 |    17 |    71 ||   117

Table legend: (Time is in decaauts)
 A = Elapsed time spent in this place.
 B = Non-inter-level travel time spent in this place.
 C = Inter-level travel time spent in this place.
 D = Time resting spent in this place.
 E = Time spent auto-exploring this place.
 F = Levels seen in this place.
 G = Mean time per level.
                   A        B        C        D        E       F      G
               +--------+--------+--------+--------+--------+-----+--------+
         Total |   3119 |   3119 |      0 |   2148 |    171 |   1 | 3119.0 |
       Dungeon |   3119 |   3119 |      0 |   2148 |    171 |   1 | 3119.0 |
               +--------+--------+--------+--------+--------+-----+--------+

Top non-repeatable levels by time:
       D: 3119 daAuts
